 Dungeon Crawl Stone Soup version 0.24-a0-484-g962a3eeff7 (webtiles) character file.

Game seed: 1133724364832517627

883 Gargoyl the Chopper (level 7, -6/59 HPs)
             Began as a Centaur Abyssal Knight on July 9, 2019.
             Was a Priest of Lugonu.
             Mangled by an ice beast (11 damage)
             ... on level 5 of the Dungeon.
             The game lasted 00:07:33 (5891 turns).

Gargoyl the Chopper (Centaur Abyssal Knight)        Turns: 5891, Time: 00:07:34

Health: -6/59      AC: 10    Str: 15    XL:     7   Next: 76%
Magic:  19/19      EV:  5    Int: 13    God:    Lugonu [***...]
Gold:   254        SH:  0    Dex: 10    Spells: 6/6 levels left

rFire    . . .     SeeInvis .   a - +1 hand axe (flame)
rCold    . . .     Gourm    .   (no shield)
rNeg     . . .     Faith    .   n - +0 chain mail
rPois    .         Spirit   .   (no helmet)
rElec    .         Reflect  .   (no cloak)
rCorr    .         Harm     .   f - +1 pair of gloves
MR       .....                  (no barding)
Stlth    ..........             d - amulet "Forget-Me-Not" {+Rage MP+9 Int+2}
HPRegen  0.19/turn              (no ring)
MPRegen  0.16/turn              (no ring)

@: very quick
A: large, hooves 3, deformed body, speed 2, tough skin 3
a: Depart the Abyss, Bend Space, Banish, Renounce Religion, Evoke Berserk Rage


You were on level 5 of the Dungeon.
You worshipped Lugonu.
Lugonu was most pleased with you.
You were hungry.

You visited 1 branch of the dungeon, and saw 5 of its levels.
You visited the Abyss 1 time.
You also visited: Sewer.

You collected 484 gold pieces.
You spent 230 gold pieces at shops.

Inventory:

Hand Weapons
 a - a +1 hand axe of flaming (weapon)
Armour
 f - a +1 pair of gloves (worn)
 n - a +0 chain mail (worn)
Jewellery
 d - the amulet "Forget-Me-Not" (around neck) {+Rage MP+9 Int+2}
   (You found it on level 1 of the Abyss)

   [amulet of rage]

   It affects your intelligence (+2).
   It affects your magic capacity (+9).
   It lets you go berserk.
Wands
 b - a wand of random effects (15)
Scrolls
 e - 2 scrolls of remove curse
 k - 4 scrolls of identify
 l - 6 scrolls of teleportation
 o - a scroll of fog
 p - a scroll of blinking
 q - a scroll of fear {unknown}
 s - a scroll of enchant weapon {unknown}
 t - a scroll of amnesia
 u - a scroll of immolation {unknown}
Potions
 g - a potion of berserk rage
 h - 6 potions of flight {unknown}
 i - 2 potions of degeneration {unknown}
 j - 2 potions of heal wounds {unknown}
 m - a potion of curing {unknown}
Comestibles
 c - 4 rations


   Skills:
 + Level 4.2 Fighting
 + Level 4.6 Axes
 * Level 3.5 Armour
 * Level 2.8 Dodging
 * Level 4.1 Invocations
 + Level 0.5 Evocations


You had 6 spell levels left.
You didn't know any spells.
Your spell library contained the following spells:

 Spells                   Type           Power        Failure   Level  Hunger
 Magic Dart               Conj           #...         99%         1    ##.....
 Blink                    Tloc           N/A          100%        2    ###....
 Call Imp                 Summ           #.......     100%        2    ###....
 Slow                     Hex            #.......     100%        2    ###....
 Conjure Flame            Conj/Fire      #.......     100%        3    ####...
 Mephitic Cloud           Conj/Pois/Air  #.......     100%        3    ####...


Dungeon Overview and Level Annotations

Branches:
Dungeon (5/15)
 Temple: D:4-7

Altars:
Cheibriados
Kikubaaqudgha
Okawaru
Ru
Yredelemnul

Shops:
D:4 ?


Innate Abilities, Weirdness & Mutations

You have hooves in place of feet.
Armour fits poorly on your strangely shaped body.
You cover ground very quickly.
You have extremely tough skin. (AC +3)


Message History

Press: ? - help, Shift-Dir - straight line, f - ice beast
Aim: an ice beast (almost dead)
You throw a silver javelin.
The silver javelin barely misses the ice beast.
Throwing (i - inventory)
r - a silver javelin (quivered)
Press: ? - help, Shift-Dir - straight line, f/p - ice beast
Aim: an ice beast (almost dead)
You throw a silver javelin.
The silver javelin barely misses the ice beast.
The ice beast hits you but does no damage.
The ice beast barely misses you.
You closely miss the ice beast.
The ice beast is almost dead.
The ice beast hits you but does no damage.
You hit the ice beast.
You melt the ice beast.
The ice beast is almost dead.
The ice beast hits you.
* * * LOW HITPOINT WARNING * * *
The ice beast freezes you!
You die...

########+####
+...........#...#
#...........#...#
.........#...........#...#
..........#.@Y.....(..#...#
..........###+##...####..#
..........#..##'######..#
..>.......+.............# #
#.......#.........†...# #
#.......#.###'#########
#####
#.....................
....#
#.....#######.....)...
....# #.....# #.........


You could see an ice beast.

Vanquished Creatures
  Grinder (D:5)
  A sky beast (D:4)
  An ogre (D:4)
  A howler monkey (D:4)
  A crimson imp (D:5)
  A bullfrog skeleton (D:4)
  3 hounds
  3 worker ants (D:5)
  3 gnolls (D:4)
  4 adders
  A shadow imp (D:5)
  5 oozes
  An adder zombie (D:5)
  6 worms
  6 dart slugs
  7 leopard geckos
  2 orcs (D:4)
  2 ball pythons
  14 giant cockroaches
  3 goblins
  8 hobgoblins
  8 jackals
  4 quokkas
  13 bats
  13 frilled lizards
  A jackal skeleton (D:4)
  8 kobolds
  A leopard gecko skeleton (D:4)
  9 rats
131 creatures vanquished.

Vanquished Creatures (others)
  4 toadstools (D:5)
4 creatures vanquished.

Grand Total: 135 creatures vanquished

Notes
Turn   | Place    | Note
-------+----------+-------------------------------------------
     0 | Abyss:1  | Gargoyl the Centaur Abyssal Knight began the quest for the
                  | Orb.
     0 | Abyss:1  | Reached XP level 1. HP: 19/19 MP: 2/2
     0 | Abyss:1  | Noticed a hellion
     0 | Abyss:1  | Noticed a small abomination
     0 | Abyss:1  | Noticed a great orb of eyes
     0 | Abyss:1  | Noticed a worldbinder
     1 | Abyss:1  | Noticed a tentacled monstrosity
     1 | Abyss:1  | Noticed a tentacled starspawn
     3 | Abyss:1  | Noticed a wretched star
     3 | Abyss:1  | Noticed a fire elemental
     4 | Abyss:1  | Noticed a wretched star
     4 | Abyss:1  | Noticed a smoke demon
     4 | Abyss:1  | Noticed a merfolk
     4 | Abyss:1  | Noticed a wretched star
    10 | Abyss:1  | Got a sparkling emerald amulet
    11 | Abyss:1  | Noticed a naga
    11 | D:1      | Escaped the Abyss
    12 | D:1      | Identified the amulet "Forget-Me-Not" {+Rage MP+9 Int+2}
                  | (You found it on level 1 of the Abyss)
   194 | D:1      | Reached XP level 2. HP: 14/26 MP: 3/3
   433 | D:1      | Reached * piety under Lugonu
   614 | D:1      | Reached skill level 1 in Dodging
  1075 | D:2      | Reached XP level 3. HP: 27/31 MP: 4/4
  1288 | D:2      | Found an iron altar of Okawaru.
  1827 | D:2      | Reached XP level 4. HP: 38/39 MP: 5/5
  2001 | D:2      | Found a sacrificial altar of Ru.
  2432 | D:3      | Reached ** piety under Lugonu
  2534 | D:3      | Found an ancient bone altar of Kikubaaqudgha.
  3039 | D:3      | Found a snail-covered altar of Cheibriados.
  3041 | D:3      | Found a basalt altar of Yredelemnul.
  3111 | D:4      | Reached XP level 5. HP: 43/46 MP: 7/7
  3609 | D:4      | Found Wattuvaf's Magic Scroll Boutique.
  3612 | D:4      | Bought a scroll of brand weapon for 200 gold pieces
  3614 | D:4      | Bought a scroll of teleportation for 30 gold pieces
  3665 | D:4      | Noticed a sky beast
  3683 | D:4      | Killed a sky beast
  3683 | D:4      | Reached XP level 6. HP: 19/52 MP: 8/8
  4296 | D:5      | Entered Level 5 of the Dungeon
  4320 | D:5      | Found a glowing drain.
  4344 | Sewer    | Entered a sewer
  4378 | Sewer    | Reached *** piety under Lugonu
  4608 | Sewer    | Reached XP level 7. HP: 49/59 MP: 9/9
  4992 | D:5      | Noticed Grinder
  4997 | D:5      | Paralysed by Grinder for 3 turns
  5006 | D:5      | Paralysed by Grinder for 7 turns
  5016 | D:5      | Killed Grinder
  5891 | D:5      | Mangled by an ice beast

Levels and vault maps discovered:
D:1:      shiori_shiawase, layout_basic
D:2:      layout_basic, nicolae_ru_awakened_eye, first_ration, okawaru_trees_2
D:3:      layout_loops_ring, nicolae_overflow_hidden_temple,
          hangedman_abyss_or_decor_lesser_grid, corexii_leaking_fountain
D:4:      layout_loops_ring, serial_shops, nicolae_shop_behind_doors
D:5:      layout_gridville, minmay_temple_entry_fiery, gup_sewer_entry_pipe,
          minmay_gold_behind_fungi, chequers_jeans, uniq_grinder

Skill      XL: |  1  2  3  4  5  6  7 |
---------------+----------------------+-----
Axes           | 2 3 4 |  4.6
Dodging        | 1 2 |  2.8
Armour         | 2 3 |  3.5
Invocations    | 3 4 |  4.1
Fighting       | 4 |  4.2
Evocations     | |  0.5

Action                   |  1- 3 |  4- 6 |  7- 9 || total
-------------------------+-------+-------+-------++-------
Melee: Hand axe          |   104 |   196 |   114 ||   414
       Kick              |    13 |    42 |    25 ||    80
Throw: Javelin           |       |       |     4 ||     4
Invok: Depart the Abyss  |     1 |       |       ||     1
       Bend Space        |       |     1 |     1 ||     2
 Abil: Evoke Berserk Rag |       |     1 |     1 ||     2
  Use: Scroll            |     4 |     6 |       ||    10
  Eat: Chunk             |     2 |     8 |     1 ||    11
       Ration            |       |       |     1 ||     1
Armor: Leather armour    |    63 |    50 |       ||   113
       Ring mail         |       |     8 |       ||     8
       Chain mail        |       |    48 |   124 ||   172
       Plate armour      |       |     8 |       ||     8
Dodge: Dodged            |    71 |    96 |    32 ||   199

Table legend:
 A = Non-vault XP
 B = Vault XP
 C = Vault XP percentage of total XP
 D = Non-vault monster count
 E = Vault monster count
 F = Vault count percentage of total count
                 A         B        C        D         E       F
            +---------+---------+-------+---------+---------+-------
      Total |     886 |     376 |  29.8 |      95 |      36 |  27.5
            +---------+---------+-------+---------+---------+-------
        D:1 |      38 |       0 |   0.0 |      23 |       0 |   0.0
        D:2 |      62 |       0 |   0.0 |      17 |       0 |   0.0
        D:3 |      81 |       0 |   0.0 |      29 |       0 |   0.0
        D:4 |     488 |       0 |   0.0 |      17 |       0 |   0.0
        D:5 |     217 |     301 |  58.1 |       9 |      11 |  55.0
      Sewer |       0 |      75 | 100.0 |       0 |      25 | 100.0
            +---------+---------+-------+---------+---------+-------
